Zazza, neutral female human Tourist ------------ |..........| -------..-.-- ------ ---- ---- ##...<.......| ........... .... .. ..| # |..........| .....---..--- ..-----..| ### -------|---- |*)@-)-.)|. |..|(((|..| # # |@_.|.|..|. ...|(((|..| ### # |...|..--.-.--.|...|..|# # ### |...|........|.-|---..|################ ---...................|# --.-|-- ..-.G.+-..-----..-----.|# |.....| -.........|........-...|.|## -.....| ....-----..|%---....|...|.|# |.....| ....| ?|-.|.(.|---.-----.|# |.....| --- %| |..(|. +.......|# |.....| %| |(((|..|.......|# ------- --- --------.....{..# .................|# ------------------- Zazza the Excursionist Experience level: 6 Strength: 13 Dexterity: 12 Constitution: 18 Intelligence: 13 Wisdom: 14 Charisma: 18 Health: 0(53) Energy: 24(24) Def: 9 Gold: 805 Moves: 5474 Dungeon seed: qvWVE_mCKf8knzHs Game ID: Zazza_1563032971 Your Inventory: Coins $ - 805 gold pieces Weapons d - 11 +0 darts K - 3 +0 daggers L - a +0 knife W - a +1 elven dagger (weapon in hand) Z - a +0 elven dagger Armor e - a blessed +0 Hawaiian shirt (being worn) r - an uncursed +0 elven mithril-coat (being worn) y - an uncursed +0 orcish helm (being worn) N - an uncursed +0 dwarvish cloak (being worn) Y - a blessed +1 pair of iron shoes (being worn) Comestibles b - an uncursed food ration h - an uncursed egg H - an uncursed tripe ration Scrolls M - an uncursed scroll of identify Potions k - an uncursed potion of extra healing Rings G - an uncursed ring of levitation Wands J - a wand of probing (0:8) Tools l - an uncursed mirror n - an expensive camera (0:83) o - an uncursed credit card q - an uncursed bag of holding w - a can of grease (0:12) B - 4 uncursed tallow candles (0:200) E - an uncursed magic whistle Contents of the bag of holding: 21 +2 darts 3 uncursed food rations an uncursed scroll of confuse monster an uncursed scroll of create monster an uncursed scroll of enchant armor a blessed scroll of magic mapping an uncursed scroll of magic mapping an uncursed scroll of remove curse 2 uncursed scrolls of teleportation an uncursed spellbook of detect unseen an uncursed spellbook of extra healing an uncursed potion of booze an uncursed potion of enlightenment a cursed potion of extra healing an uncursed potion of gain ability an uncursed potion of invisibility an uncursed potion of levitation an uncursed potion of object detection an uncursed potion of sleeping a magic marker (0:47) a +0 pick-axe a tinning kit (0:76) Spells and supernatural/magical abilities: Name Level Category Fail Memory W - pray for help -- divine ? -- Your skills at the end: Fighting Skills Weapon Skills dagger [Skilled] dart [Basic] Spellcasting Skills Final Attributes: You were piously aligned. You are dead. Vanquished creatures: 4 gnome kings a dwarf lord a gnome mummy 2 human zombies 5 Mordor orcs a yellow light 4 gnome lords 3 gnomish wizards a ghoul a little dog a floating eye 6 dwarves a kobold shaman a hill orc a rabid rat 2 dwarf zombies 2 iguanas 2 acid blobs 2 coyotes 3 hobbits 3 hobgoblins 2 brown molds 2 yellow molds a red mold 23 gnomes 2 garter snakes 4 geckos 8 jackals a fox 2 kobolds 3 goblins 5 grid bugs a bat 5 lichens a kobold zombie 6 newts 113 creatures vanquished. Voluntary challenges: You had been an atheist until turn 3582. You used a wielded weapon 208 times, starting on turn 493. You read items or engraved 13 times, starting on turn 542. You never genocided any monsters. You never polymorphed an object. You never changed form. You used no wishes. You never split a pudding. You wrote Elbereth's name 7 times, starting on turn 942. You never violated your personal moral code. Dungeon overview: The Dungeons of Doom: levels 1 to 5 Level 1 a long staircase Level 2 a fountain stairs to The Gnomish Mines Level 3 a fountain Level 4 a fountain Level 5 The Gnomish Mines: levels 3 to 6 Level 3 stairs to The Dungeons of Doom Level 4 Level 5 Level 6 <- You were here some shops, a temple to The Lady, a fountain History has recorded: On T:1 you entered the Dungeons of Doom to retrieve the Amulet of Yendor! On T:296 you reached level 2 of The Dungeons of Doom. On T:866 you reached level 3 of The Dungeons of Doom. On T:1579 you advanced to experience level 2. On T:1711 you reached level 4 of The Dungeons of Doom. On T:2122 you reached level 5 of The Dungeons of Doom. On T:2140 you advanced to experience level 3. On T:3021 you reached level 1 of The Gnomish Mines. On T:3165 you advanced to experience level 4. On T:3414 you reached level 2 of The Gnomish Mines. On T:3530 you advanced to experience level 5. On T:4022 you reached level 3 of The Gnomish Mines. On T:4666 you advanced to experience level 6. On T:4685 you reached level 4 of The Gnomish Mines. Score breakdown: Gold: 698 ( 9675 points) Experience: 6 levels (12456 points) Exploration: 6 levels ( 12.24%) ( 9682 points) Discoveries: 7 items ( 2.35%) ( 4597 points) Valuables value: (no points given unless you survive) Artifact value: 0 ( 0 points) Variety of kills: 36 monsters ( 9.45%) ( 9221 points) Turncount: 5474 turns (-1488 points) Survival: died (score multiplied by 80%) Total score: 35314 Latest messages: You throw 2 daggers. You float in the opposite direction. You stop throwing after the first toss. You kill the gnome! Something is written here in the dust. You read: "Elbereth". You take off your ring of levitation. You float gently to the floor. Something is written here in the dust. You read: "Elbereth". You throw 2 daggers. The 1st dagger hits it. You kill the kobold! The gnome lord zaps a wand of striking! The wand hits you! You die... Final status: Aloha Zazza the Tourist, killed by a wand... You died in The Gnomish Mines on dungeon level 6 with 35314 points, and 805 pieces of gold, after 5474 moves. You were level 6 with a maximum of 53 hit points when you died.